 Dungeon Crawl Stone Soup version 0.21.1-1-g345015fe64 (webtiles) character file.

3838 Htamos the Warrior (level 10, 0/76 HPs)
             Began as a Gargoyle Berserker on July 17, 2018.
             Was an Elder of Trog.
             Killed from afar by an oklob plant (11 damage)
             ... with a splash of acid
             ... on level 7 of the Dungeon.
             The game lasted 00:22:05 (9096 turns).

Htamos the Warrior (Gargoyle Berserker)             Turns: 9096, Time: 00:22:06

Health: 0/76       AC:  3    Str: 22    XL:     10   Next: 18%
Magic:  10/10      EV: 12    Int:  7    God:    Trog [****..]
Gold:   539        SH:  0    Dex: 12    Spells: 9/9 levels left

rFire    . . .     SeeInvis .   a - +1 mace
rCold    . . .     Gourm    .   (no shield)
rNeg     + . .     Faith    .   C - +0 troll leather armour
rPois    ∞         Spirit   .   (no helmet)
rElec    +         Reflect  .   (no cloak)
rCorr    .         Harm     .   (no gloves)
MR       .....                  (no boots)
Stlth    +.........             (no amulet)
HPRegen  0.62/turn              (no ring)
MPRegen  0.12/turn              s - ring of flight

@: corroded
A: negative energy resistance 1, electricity resistance, unbreathing,
petrification resistance, rot immunity, AC +7
a: Berserk, Trog's Hand, Brothers in Arms, Burn Spellbooks, Renounce Religion,
Evoke Flight


You were on level 7 of the Dungeon.
You worshipped Trog.
Trog was greatly pleased with you.
You were near starving.

You visited 2 branches of the dungeon, and saw 8 of its levels.

You collected 539 gold pieces.

Inventory:

Hand Weapons
 a - a +1 mace (weapon)
 f - a +0 antimagic dagger
 m - a +0 trident of venom
 q - a +1 glaive of freezing
 r - the +1 trident of Termination {pierce, rF- rN+ Dex+5}
   (You found it on level 4 of the Dungeon)

   It inflicts extra damage upon your enemies.
   It affects your dexterity (+5).
   It makes you vulnerable to fire.
   It protects you from negative energy.
 B - a -1 morningstar
Armour
 b - a +0 animal skin
 k - a +1 ring mail
 v - a +2 plate armour
 C - a +0 troll leather armour (worn)
Jewellery
 s - a ring of flight (right hand)
Wands
 h - a wand of digging (19)
Scrolls
 d - a scroll of teleportation
 e - a scroll of enchant weapon
 g - 2 scrolls of immolation
 i - 3 scrolls of blinking
 p - a scroll of brand weapon {unknown}
 t - a scroll of enchant armour
 F - a scroll of remove curse
Potions
 c - a potion of degeneration
 j - 3 potions of curing
 l - a potion of agility
 n - a potion of might
 o - 3 potions of brilliance
 x - a potion of resistance
Books
 A - Sif Muna's Reference Book on Fire and Translocation
   (You found it on level 6 of the Dungeon)

   Spells                             Type                      Level
   a - Flame Tongue                   Conjuration/Fire             1
   b - Conjure Flame                  Conjuration/Fire             3
   c - Teleport Other                 Translocation                3
   d - Sticky Flame                   Conjuration/Fire             4
   Trog disapproves of the use of such an item.
 E - a book of Geomancy

   Spells                             Type                      Level
   a - Sandblast                      Earth                        1
   b - Passwall                       Transmutation/Earth          2
   c - Stone Arrow                    Conjuration/Earth            3
   d - Petrify                        Transmutation/Earth          4
   e - Lee's Rapid Deconstruction     Earth                        5
   Trog disapproves of the use of such an item.
Comestibles
 z - 7 rations


   Skills:
 * Level 15.1 Fighting
 - Level 3.0 Maces & Flails
 - Level 2.1 Armour
 - Level 1.5 Dodging


You had 9 spell levels left.
You didn't know any spells.

Dungeon Overview and Level Annotations

Branches:
Dungeon (7/15)             Temple (1/1) D:7

Altars:
Fedhas
Kikubaaqudgha
Nemelex Xobeh
Okawaru
Ru
Uskayaw
Wu Jian
Xom
Yredelemnul
The Shining One

Annotations:
D:7 exclusion: oklob plant


Innate Abilities, Weirdness & Mutations

You are resistant to torment.
Your stone body is resilient. (AC +7)
You are immune to poison.
You resist negative energy. (rN+)
You are resistant to electric shocks. (rElec)
You can survive without breathing.
You are immune to petrification.
You are immune to rotting.


Message History

You feel much better.
You're too hungry.
You hit the oklob plant but do no damage.
The oklob plant is heavily damaged.
You hit the oklob plant.
The oklob plant is heavily damaged.
You sock the oklob plant!
The oklob plant is severely damaged.
You hit the oklob plant but do no damage.
The oklob plant is severely damaged.
The oklob plant spits acid at you. The splash of acid hits you!
* * * LOW HITPOINT WARNING * * *
The acid corrodes you!
You are splashed with acid!
The acid burns!
* * * LOW HITPOINT WARNING * * *
You hit the oklob plant but do no damage.
The oklob plant is severely damaged.
The oklob plant spits acid at you. The splash of acid hits you!
You die...

##.##
#####...
##.##
#.....>#
##.##
#.######
##.##
#.#.....
##.##
######.#.####
##.##
#............
###.##
#.#######....
###P...###.#
#....
#PP..@..##.#
#....
#...P......#
#....
#.P.....#.##
#)...
###...####.#
##... #####
## #... #...
#... #### #


You could see an oklob plant.

Vanquished Creatures
  The ghost of Htamos the Basher, a novice GrBe of Trog (D:5)
  A troll (D:6)
  Sigmund (D:3)
  Eustachio (D:5)
  3 ice beasts
  An orc warrior (D:6)
  3 ogres
  2 phantoms
  2 centaurs (D:6)
  Blork the orc (D:4)
  4 bullfrogs
  A gnoll sergeant (D:6)
  5 scorpions
  3 wights (D:7)
  3 killer bees (D:7)
  A howler monkey (D:7)
  3 electric eels (D:6)
  7 jellies
  3 crimson imps
  6 orc priests
  A hound (D:7)
  6 orc wizards
  Jessica (D:2)
  2 worker ants
  An iguana (D:4)
  6 adders
  4 gnolls (D:6)
  2 shadow imps
  A white imp (D:4)
  14 oozes
  2 adder skeletons
  4 worms
  5 dart slugs
  3 leopard geckos
  25 orcs
  8 bats
  8 giant cockroaches
  7 goblins
  9 hobgoblins
  6 jackals
  5 quokkas
  A ball python (D:4)
  6 frilled lizards
  A goblin skeleton (D:4)
  A goblin zombie (D:4)
  2 hobgoblin zombies (D:4)
  8 kobolds
  A kobold zombie (D:4)
  A leopard gecko skeleton (D:4)
  3 orc skeletons (D:4)
  An orc zombie (D:4)
  A quokka skeleton (D:5)
  9 rats
207 creatures vanquished.

Vanquished Creatures (others)
  7 fungi (D:7)
7 creatures vanquished.

Grand Total: 214 creatures vanquished

Notes
Turn   | Place    | Note
-------+----------+-------------------------------------------
     0 | D:1      | Htamos the Gargoyle Berserker began the quest for the Orb.
     0 | D:1      | Reached XP level 1. HP: 14/14 MP: 1/1
   224 | D:1      | Reached XP level 2. HP: 20/20 MP: 2/2
   234 | D:1      | Reached skill level 4 in Fighting
   688 | D:1      | Reached XP level 3. HP: 24/24 MP: 3/3
  1029 | D:2      | Reached ** piety under Trog
  1092 | D:2      | Reached skill level 5 in Fighting
  1335 | D:2      | Reached XP level 4. HP: 26/31 MP: 1/4
  1756 | D:2      | Noticed Jessica
  1760 | D:2      | Killed Jessica
  1760 | D:2      | Reached skill level 6 in Fighting
  1760 | D:2      | Reached XP level 5. HP: 36/36 MP: 5/5
  1850 | D:2      | Found an ancient bone altar of Kikubaaqudgha.
  2509 | D:3      | Reached *** piety under Trog
  2812 | D:3      | Noticed a hand axe
  2813 | D:3      | Noticed a dagger
  2815 | D:3      | Found a hide-covered altar of Uskayaw.
  3098 | D:3      | Noticed Sigmund
  3112 | D:3      | Killed Sigmund
  3112 | D:3      | Reached skill level 7 in Fighting
  3112 | D:3      | Reached XP level 6. HP: 44/44 MP: 4/6
  3735 | D:4      | Reached skill level 8 in Fighting
  3844 | D:4      | Reached XP level 7. HP: 50/50 MP: 7/7
  4324 | D:4      | HP: 2/50 [orc wizard/magic dart (9)]
  4329 | D:4      | HP: 3/75 [something/puff of flame (6)]
  4371 | D:4      | Reached skill level 9 in Fighting
  4616 | D:4      | Found a glowing golden altar of the Shining One.
  4657 | D:4      | Got a twisted trident
  4658 | D:4      | Identified the cursed +1 trident of Termination {pierce, rF- rN+ Dex+5} (You found it on level 4 of the Dungeon)
  4901 | D:5      | Entered Level 5 of the Dungeon
  5051 | D:5      | Noticed Eustachio
  5059 | D:5      | Noticed Blork the orc
  5186 | D:4      | Killed Blork the orc
  5186 | D:4      | Reached skill level 10 in Fighting
  5186 | D:4      | Reached XP level 8. HP: 57/57 MP: 8/8
  5280 | D:4      | Reached **** piety under Trog
  5435 | D:5      | Killed Eustachio
  5435 | D:5      | Reached skill level 11 in Fighting
  5692 | D:5      | Found a basalt altar of Yredelemnul.
  5784 | D:5      | Noticed Htamos's ghost (novice GrBe)
  5801 | D:5      | Killed Htamos's ghost
  5801 | D:5      | Reached skill level 12 in Fighting
  5801 | D:5      | Reached XP level 9. HP: 66/66 MP: 9/9
  6246 | D:5      | Found a blossoming altar of Fedhas.
  6849 | D:6      | Found a shimmering altar of Xom.
  6905 | D:6      | Reached skill level 13 in Fighting
  7287 | D:6      | Noticed a troll
  7295 | D:6      | Killed a troll
  7297 | D:6      | Reached skill level 14 in Fighting
  7313 | D:6      | Identified Sif Muna's Reference Book on Fire and Translocation
  7879 | D:7      | Reached XP level 10. HP: 59/76 MP: 10/10
  8419 | D:7      | Found a staircase to the Ecumenical Temple.
  8430 | Temple   | Entered the Ecumenical Temple
  8480 | D:7      | Reached skill level 15 in Fighting
  8615 | D:7      | Noticed an oklob plant
  9096 | D:7      | Killed from afar by an oklob plant

Skill      XL: |  1  2  3  4  5  6  7  8  9 10 |
---------------+-------------------------------+-----
Fighting       | 4 5 6 7 8 10 12 14 15 | 15.1
Maces & Flails | |  3.0
Armour         | |  2.1
Dodging        | |  1.5

Action                   |  1- 3 |  4- 6 |  7- 9 | 10-12 || total
-------------------------+-------+-------+-------+-------++-------
Melee: Mace              |    51 |   163 |   242 |    98 ||   554
       Dagger            |    90 |    21 |    24 |       ||   135
       Trident           |       |       |   162 |     6 ||   168
Invok: Berserk           |     1 |     5 |    13 |     1 ||    20
       Trog's Hand       |       |       |     2 |       ||     2
Evoke: Wand              |       |       |       |     2 ||     2
  Use: Scroll            |       |       |    14 |    10 ||    24
       Potion            |       |       |     4 |     3 ||     7
 Stab: Sleeping          |     1 |     1 |       |       ||     2
  Eat: Chunk             |     2 |    10 |    19 |       ||    31
       Ration            |       |     1 |     2 |     1 ||     4
Armor: Animal skin       |    45 |    68 |       |       ||   113
       Ring mail         |       |     6 |   218 |       ||   224
       Skin              |       |       |    24 |       ||    24
       Plate armour      |       |       |   147 |     4 ||   151
       Troll leather arm |       |       |       |    40 ||    40
Dodge: Dodged            |    93 |   141 |   292 |    89 ||   615
